Map: Ruins of Endion

Players

Unix - Winner!

  • Race: Terran Terran
  • League: Master

Miszu

  • Race: Terran Terran
  • League: Master

VOD

Have the link to the VOD?

Description

Time

  • Played on: May 2, 2016, 3:48 p.m.
  • Length: 15:21
Show
View Real Time Build Order
Export as new Build Order

Unix Terran - Winner!

Build Orders: Reaper Expand, Bio Tank 

Get SALT Encoding   

  12  0:01  SCV  
  13  0:13  SCV  
  14  0:18  Supply Depot  
  14  0:25  SCV  
  15  0:40  Barracks, SCV  
  16  0:46  Refinery  
  16  0:52  SCV  
  17  1:04  SCV  
  18  1:16  SCV  
  19  1:30  Orbital Command  
  19  1:31  Reaper  
  20  1:51  Command Center  
  20  1:57  Supply Depot  
  20  2:02  SCV  
  20  2:03  Marine  
  22  2:14  Factory  
  22  2:15  SCV  
  22  2:23  Marine  
  22  2:27  SCV  
  24  2:39  SCV  
  24  2:41  Marine  
  26  2:46  Bunker  
  26  2:52  SCV  
  26  2:57  Hellion  
  29  2:59  Starport, Marine  
  29  3:01  Refinery  
  29  3:04  SCV  
  31  3:07  Orbital Command  
  31  3:16  SCV  
  32  3:20  Supply Depot  
  32  3:24  Hellion  
  32  3:25  Marine  
  35  3:28  SCV  
  35  3:32  Engineering Bay  
  35  3:33  SCV  
  37  3:41  Viking  
  39  3:50  Supply Depot  
  39  3:51  SCV x2  
  39  3:52  Factory Tech Lab  
  39  3:53  Barracks Reactor  
  41  4:01  Missile Turret  
  41  4:08  SCV x2  
  41  4:09  Missile Turret  
  43  4:15  Viking  
  45  4:18  Siege Tank  
  45  4:20  SCV x2  
  50  4:28  Supply Depot  
  50  4:32  SCV  
  50  4:33  SCV  
  51  4:44  SCV  
  51  4:45  SCV  
  53  4:58  Refinery, Barracks Tech Lab, SCV x2  
  53  4:59  Refinery  
  55  5:06  Supply Depot  
  55  5:07  Viking x2  
  55  5:10  SCV x2  
  61  5:17  Marine  
  61  5:18  Stimpack  
  62  5:22  Supply Depot, SCV x2  
  64  5:29  Liberator x2  
  64  5:34  SCV x2  
  66  5:38  Missile Turret  
  71  5:52  Supply Depot  
  71  5:53  Supply Depot  
  71  6:00  Barracks  
  71  6:01  Barracks  
  71  6:05  Missile Turret  
  71  6:08  Missile Turret  
  71  6:09  Siege Tank  
  71  6:10  SCV x2  
  71  6:11  Missile Turret  
  74  6:22  SCV  
  74  6:23  Liberator  
  74  6:24  Marine, Liberator  
  76  6:31  Supply Depot  
  76  6:33  SCV  
  76  6:34  SCV  
  78  6:41  Siege Tank  
  78  6:45  SCV  
  88  7:05  Barracks Reactor, Supply Depot  
  88  7:06  Barracks Reactor  
  88  7:07  Command Center  
  88  7:09  Marine  
  90  7:15  SCV x2, Armory  
  90  7:18  Liberator, Combat Shields  
  90  7:22  Siege Tank  
  94  7:27  SCV  
  94  7:28  SCV  
  94  7:29  Supply Depot  
  96  7:31  Liberator  
  96  7:33  Marine  
  100  7:50  Marine  
  100  7:51  Marine x4  
  105  7:55  Supply Depot, SCV x2  
  104  8:07  SCV x2  
  104  8:08  Marine x2, Siege Tank  
  104  8:09  Marine x2  
  113  8:13  Factory  
  113  8:17  Terran Vehicle And Ship Armor Level 1  
  113  8:18  Missile Turret  
  113  8:21  Orbital Command  
  113  8:24  SCV  
  113  8:25  SCV  
  115  8:29  Refinery  
  115  8:31  Refinery  
  115  8:34  Sensor Tower  
  115  8:40  Supply Depot  
  115  8:43  Marine x3, Siege Tank  
  121  8:49  SCV x3  
  121  8:54  Liberator x2  
  124  8:58  Sensor Tower  
  124  8:59  Missile Turret  
  124  9:01  SCV, Missile Turret  
  124  9:02  SCV x2  
  122  9:03  Supply Depot  
  122  9:04  Marine x3  
  125  9:12  Factory Tech Lab  
  125  9:13  SCV  
  128  9:25  Siege Tank  
  128  9:26  Marine x3  
  134  9:35  Siege Tank  
  134  9:36  Marine x2  
  139  9:40  Command Center  
  139  9:43  Marine  
  139  9:44  Marine x2  
  139  9:45  Supply Depot, Liberator x2  
  142  9:53  Armory  
  142  9:54  Marine x2  
  142  9:58  Siege Tank  
  153  10:07  Missile Turret  
  153  10:10  Missile Turret  
  153  10:11  Missile Turret  
  151  10:22  Marine, Siege Tank  
  151  10:23  Marine x4  
  151  10:27  Supply Depot  
  151  10:28  Terran Vehicle Weapons Level 1  
  159  10:30  Siege Tank  
  159  10:34  Liberator x2  
  162  10:40  Marine x2  
  162  10:41  Marine  
  159  10:51  Marine x2  
  158  10:58  Marine x3  
  158  11:04  Starport  
  161  11:05  Starport  
  161  11:06  Command Center  
  161  11:08  Supply Depot  
  161  11:17  Liberator  
  161  11:18  Terran Vehicle And Ship Armor Level 2  
  161  11:27  Liberator x2  
  161  11:28  Refinery  
  161  11:32  Missile Turret  
  158  11:34  Refinery  
  158  11:35  Marine x5  
  158  11:36  Missile Turret  
  169  11:50  Supply Depot  
  169  11:53  Marine x3, Orbital Command  
  172  11:54  Liberator  
  172  11:59  Liberator  
  172  12:00  Marine x2, Siege Tank  
  177  12:05  Missile Turret  
  182  12:25  Terran Vehicle Weapons Level 2  
  182  12:28  Liberator x2  
  173  12:44  Marine x3  
  174  12:45  Siege Tank x2  
  174  12:49  Command Center  
  188  12:53  Liberator  
  188  13:11  Marine x4  
  188  13:12  Marine  
  163  13:17  Siege Tank x2  
  166  13:21  Planetary Fortress  
  166  13:28  Marine  
  167  13:44  Marine x2  
  167  13:46  Refinery x2  
  169  13:49  Siege Tank, Missile Turret  
  172  14:04  Planetary Fortress  
  155  14:18  Siege Tank  
  155  14:21  Siege Tank  
  129  14:42  Marine x2  
  129  14:43  Marine x3  
  141  15:00  Marine x3  
  141  15:01  Marine  
Show
View Real Time Build Order
Export as new Build Order

Miszu Terran 

Build Orders: 1/1/1, Bio Tank, Banshee Rush 

Get SALT Encoding   

  12  0:01  SCV  
  13  0:15  SCV  
  14  0:22  Supply Depot  
  14  0:27  SCV  
  15  0:44  SCV  
  15  0:46  Barracks  
  15  0:48  Refinery  
  16  0:51  Refinery  
  16  0:56  SCV  
  17  1:08  SCV  
  18  1:20  SCV  
  19  1:32  Orbital Command  
  19  1:35  Factory  
  19  1:42  Reaper  
  20  1:58  SCV  
  21  2:05  Supply Depot  
  21  2:12  SCV  
  21  2:14  Reaper  
  23  2:26  Starport  
  23  2:31  Hellion, SCV  
  26  2:41  Supply Depot  
  26  2:43  SCV  
  27  2:46  Reaper  
  28  2:53  Hellion  
  31  3:04  Medivac  
  32  3:14  Hellion  
  34  3:20  Barracks Tech Lab  
  34  3:26  Command Center  
  34  3:30  Supply Depot  
  34  3:33  SCV  
  35  3:45  SCV  
  36  3:49  Barracks Reactor  
  36  3:55  Cloaking Field, Banshee  
  39  3:59  SCV  
  38  4:11  SCV  
  39  4:24  SCV  
  39  4:25  Command Center  
  38  4:39  SCV  
  38  4:41  Banshee  
  38  4:45  Factory Tech Lab  
  42  4:46  Marine x2  
  42  4:47  Orbital Command  
  42  4:52  SCV  
  45  5:04  SCV  
  45  5:06  Barracks  
  46  5:07  Barracks  
  46  5:13  SCV  
  47  5:16  SCV  
  47  5:18  Marine x2  
  50  5:24  Siege Tank  
  50  5:25  SCV  
  50  5:28  SCV  
  55  5:40  SCV  
  49  5:44  Orbital Command  
  49  5:45  SCV  
  50  5:51  Starport Reactor  
  50  5:52  SCV  
  50  5:54  Marine  
  50  5:55  Marine, Barracks Tech Lab x2  
  53  5:59  SCV  
  53  6:02  Refinery x2  
  51  6:06  Siege Tank  
  51  6:07  SCV  
  51  6:09  SCV  
  56  6:12  Marine x2  
  58  6:20  Marine x2  
  58  6:21  Stimpack, Combat Shields  
  57  6:30  Marine x2  
  57  6:32  Medivac x2, Barracks  
  61  6:35  Barracks  
  61  6:38  Marine x2, Siege Tank  
  68  6:40  Orbital Command  
  68  6:43  Supply Depot x2, SCV x2  
  70  6:48  Marine x2  
  70  6:51  Engineering Bay  
  72  6:55  Engineering Bay, SCV x2  
  73  7:07  Marine x2, SCV x2  
  73  7:08  Marine x2  
  79  7:11  SCV  
  79  7:14  Siege Tank  
  83  7:19  Supply Depot, SCV  
  83  7:20  Supply Depot  
  83  7:21  Terran Infantry Weapons Level 1  
  84  7:22  Terran Infantry Armor Level 1  
  84  7:26  SCV  
  84  7:27  SCV  
  86  7:30  Barracks Reactor  
  86  7:31  Barracks Reactor, SCV  
  87  7:38  Marine x2  
  87  7:39  Marine x2, SCV  
  87  7:40  SCV  
  87  7:42  Supply Depot  
  87  7:43  SCV  
  92  7:56  Marine  
  91  8:03  SCV  
  92  8:09  Marine  
  92  8:10  Marine x3, Missile Turret  
  92  8:11  Medivac, Siege Tank, Missile Turret  
  101  8:13  Marine x2, Missile Turret  
  101  8:14  Missile Turret  
  101  8:16  Supply Depot  
  101  8:18  Supply Depot  
  103  8:28  Marine x2, Medivac  
  103  8:30  SCV x3  
  110  8:35  Marine x4  
  110  8:36  Marine  
  110  8:41  Medivac  
  117  8:42  SCV x2  
  117  8:46  Armory  
  117  8:47  Supply Depot  
  119  8:50  Supply Depot, SCV  
  119  8:54  Supply Depot, SCV  
  121  8:57  Siege Tank  
  121  9:01  Factory  
  121  9:02  Refinery x2  
  124  9:04  SCV x2  
  124  9:06  SCV  
  127  9:10  Supply Depot  
  127  9:12  Marine x2  
  114  9:33  Marine  
  114  9:34  Medivac x2, Siege Tank  
  114  9:36  Marine x7  
  129  9:43  Supply Depot  
  129  9:44  Supply Depot x2, Command Center, Factory Tech Lab  
  129  9:47  Terran Infantry Weapons Level 2  
  129  9:49  Terran Infantry Armor Level 2  
  129  9:51  Marine  
  130  9:53  Marine  
  130  9:54  Marine x3  
  130  9:56  Marine  
  130  9:57  Marine x2  
  137  10:03  Terran Vehicle Weapons Level 1  
  137  10:04  Siege Tank  
  140  10:12  Marine x3  
  140  10:13  Marine x2  
  145  10:14  Marine  
  145  10:15  Marine x2  
  145  10:18  Siege Tank  
  150  10:30  Marine x5  
  150  10:34  Marine x3  
  153  10:48  Marine x4  
  151  10:54  Marine  
  151  10:55  Marine x3  
  120  11:05  Marine, Siege Tank x2  
  120  11:06  Marine x3  
  120  11:07  Medivac  
  120  11:10  Medivac  
  134  11:12  Marine  
  134  11:13  Marine x3  
  138  11:23  Marine  
  138  11:24  Marine x3  
  119  11:41  Marine  
  119  11:42  Marine x7, Siege Tank  
  119  11:46  Medivac  
  130  11:59  Marine x7  
  130  12:00  Marine  
  135  12:06  Terran Infantry Weapons Level 3  
  135  12:07  Terran Infantry Armor Level 3  
  135  12:12  Factory Tech Lab  
  134  12:17  Marine x8  
  134  12:19  Siege Tank  
  145  12:22  Medivac  
  145  12:23  Medivac  
  149  12:34  Marine, Siege Tank  
  149  12:35  Marine x6  
  159  12:54  Siege Tank  
  161  13:06  Siege Tank  
  161  13:12  Marine  
  116  13:13  Marine x7  
  98  13:27  Siege Tank  
  98  13:30  Marine  
  98  13:31  Marine x7  
  109  13:48  Marine x6  
  109  13:49  Marine, Reaper  
  109  13:55  Siege Tank  
  120  14:06  Marine x7  
  111  14:21  Marine  
  111  14:24  Marine x7  
  112  14:32  Siege Tank  
  109  14:38  Marine  
  109  14:41  Marine  
  109  14:42  Marine x6  
  90  14:46  Medivac  
  90  14:47  Medivac  
  93  14:56  Marine  
  93  14:59  Marine  
  98  15:00  Marine x6  
Tags
 
Add a new tag
Caveats
  • Supply blocks, unpowered buildings, or Contaminate may cause inaccurate times.
  • Supply counts are checked every 10 seconds.